 Dungeon Crawl Stone Soup version 0.29.1-12-g30fa7ad0bf (webtiles) character file.

Game seed: 15220878571546507489

0 Descartes the Sneak (level 1, -7/10 HPs)
             Began as a Felid Delver on Jan 16, 2023.
             Mangled by Pikel
             ... wielding a +2 whip of flaming
              (8 damage)
             ... on level 5 of the Dungeon.
             The game lasted 00:00:07 (44 turns).

Descartes the Sneak (Felid Delver)                    Turns: 44, Time: 00:00:07

Health: -7/10      AC:  1    Str:  8    XL:     1   Next: 0%
Magic:  2/2        EV: 17    Int: 11    God:
Gold:   0          SH:  0    Dex: 17    Spells: 0/0 levels left
                                        Lives:  0   Deaths: 0

rFire   . . .      SeeInvis +     - Unarmed
rCold   . . .      Faith    .   (shield unavailable)
rNeg    . . .      Spirit   .   (body armour unavailable)
rPois   .          Reflect  .   (helmet unavailable)
rElec   .          Harm     .   (cloak unavailable)
rCorr   .          Rampage  .   (gloves unavailable)
Will    .....                   (boots unavailable)
Stlth   +++.......              (no amulet)
HPRegen 0.03/turn               (no ring)
MPRegen 0.08/turn               (no ring)

@: quick
A: very small, claws 1, fangs 3, see invisible, speed 1, shaggy fur 1, stealthy
paws, no weapons or thrown items, no armour, multi-lived
a: no special abilities


You were on level 5 of the Dungeon.
You visited 1 branch of the dungeon, and saw 1 of its levels.

Inventory:

Wands
 e - a wand of digging (3)
Scrolls
 a - a scroll of fog
 b - a scroll of magic mapping
 c - a scroll of fear
Potions
 d - a potion of haste


   Skills:
 + Level 3.0 Fighting
 + Level 2.6 Dodging
 + Level 6.6 Stealth
 + Level 2.0 Unarmed Combat


You couldn't memorise any spells.
You didn't know any spells.
Your spell library was empty.

Dungeon Overview and Level Annotations

Branches:
Dungeon (5/15)
 Temple: D:4-7

Altars:

Annotations:
D:5 Pikel


Innate Abilities, Weirdness & Mutations

You have sharp claws.
You have razor-sharp teeth.
You have supernaturally acute eyesight. (SInv)
You cover ground quickly. (Speed+)
You are covered in fur. (AC +1)
Your paws help you pounce on unaware monsters.
You are incapable of wielding weapons or throwing items.
You cannot wear armour.
You gain extra lives every three experience levels.


Message History

Press ? for a list of commands and other information.
Found a stone staircase leading down.
Unknown command.
Found a whip.
A lemure comes into view.
Pikel, Merchant of Souls comes into view.
He is wielding a +2 whip of flaming.
A lemure comes into view.
Found a plate armour. 2 lemures come into view.
You pounce on the unaware helpless lemure!
You mangle the lemure!!
The lemure is severely wounded.
Pikel shouts!
The lemure shouts!
You hear a shout! x2
The lemure closely misses you.
You closely miss the lemure.
The lemure is severely wounded.
The lemure completely misses you.
You closely miss the lemure.
The lemure shouts! x2
Your claw misses the lemure. You bite the lemure.
The lemure is severely wounded.
The lemure hits you.
You scratch the lemure.
You kill the lemure!
That felt strangely unrewarding.
You closely miss Pikel. Pikel completely misses you.
An orc comes into view. It is wielding a +0 falchion.
You barely miss the lemure.
The orc shouts!
Pikel misses you. The lemure hits you.
An orc comes into view. It is wielding a +0 dagger.
You scratch the lemure.
The lemure is lightly wounded.
The lemure hits you.
Ouch! That really hurt!
* * * LOW HITPOINT WARNING * * *
The lemure barely misses you.
Pikel hits you with a +2 whip of flaming!
Ouch! That really hurt!
You die...

o...........#
o...........
...........#
........... ..........#
......5...# ......55..#
#....K@..#
####.....#####
#......#...##
#...........## #
#.............## #
#..............## ##
#................# ##.
#................####.#
..................##..#


You could see Pikel, 3 lemures and 2 orcs.

Vanquished Creatures
  A lemure (D:5)
1 creature vanquished.

Notes
Turn   | Place    | Note
-------+----------+-------------------------------------------
     0 | D:5      | Descartes the Felid Delver began the quest for the Orb.
     0 | D:5      | Reached XP level 1. HP: 10/10 MP: 2/2
    33 | D:5      | Noticed a lemure
    34 | D:5      | Noticed Pikel
    35 | D:5      | Noticed a lemure
    37 | D:5      | Noticed a lemure
    37 | D:5      | Noticed a lemure
    41 | D:5      | Killed a lemure
    44 | D:5      | Mangled by Pikel

Illustrated notes

Levels and vault maps discovered:
D:5:      layout_cave_pods, grunt_gozag_statues, gup_sewer_entry_glass,
          minmay_misc_feat_more_columns, uniq_pikel

Action                   || total
-------------------------++-------
Melee: Unarmed           ||     7
       Bite              ||     1
 Stab: Sleeping          ||     1
Dodge: Dodged            ||     5
